 Dungeon Crawl Stone Soup version 0.31-a0-1-g4198be8af4 (webtiles) character file.

Game seed: 929768470362212888

137042 Armakuni the Stickfighter (level 17, 0/142 HPs)
             Began as a Human Artificer on Apr 28, 2023.
             Was an Initiate of Gozag.
             Slain by a naga warrior
             ... wielding a +0 scimitar
              (13 damage)
             ... on level 3 of the Snake Pit on May 1, 2023.
             The game lasted 02:11:16 (26903 turns).

Armakuni the Stickfighter (Human Artificer)        Turns: 26903, Time: 02:11:17

Health: 0/142      AC: 32    Str: 15    XL:     17   Next: 82%
Magic:  26/26      EV: 14    Int: 16    God:    Gozag
Gold:   1528       SH:  0    Dex: 10    Spells: 15/16 levels left

rFire   + + .        a - +4 lajatang (speed)
rCold   . . .        (shield currently unavailable)
rNeg    . . .        p - +6 fire dragon scales "Jannulih" {rF++ rC- Will++ Regen+ MP+9 Dex-5}
rPois   +            r - +2 hat
rElec   .            X - +2 cloak {rCorr}
rCorr   +            Y - +2 pair of gloves {Stlth+}
SInv    .            Z - +3 pair of mountain boots {steadfast, rC+}
Will    +++..        R - amulet of regeneration
Stlth   ++           P - ring of poison resistance
HPRegen 2.03/turn    E - +5 ring of evasion
MPRegen 0.20/turn

%: no passive effects
@: constricted
A: hooves 1, poison resistance
a: Renounce Religion, Potion Petition, Call Merchant, Bribe Branch


You were on level 3 of the Snake Pit.
You worshipped Gozag.
Gozag was most pleased with you.
You visited 5 branches of the dungeon, and saw 23 of its levels.
You visited the Abyss 1 time.
You also visited: Sewer and Bailey.

You collected 11642 gold pieces.
You spent 6236 gold pieces at shops.
You paid 3878 gold pieces to Gozag.

Inventory:

Hand Weapons
 a - a +4 lajatang of speed (weapon)
 b - a +1 scimitar of flaming
Missiles
 K - 2 throwing nets
 L - 4 curare-tipped darts (quivered)
 N - 25 boomerangs
Armour
 p - the +6 fire dragon scales "Jannulih" (worn) {rF++ rC- Will++ Regen+ MP+9 Dex-5}
   (You bought it in a shop on level 3 of the Snake Pit)

   Dex:       It affects your dexterity (-5).
   rF:        It greatly protects you from fire.
   rC:        It makes you vulnerable to cold.
   MP:        It affects your magic capacity (+9).
   Regen:     It increases your rate of health regeneration.
   Will:      It greatly increases your willpower.
 r - a +2 hat (worn)
 X - a +2 cloak of preservation (worn)
 Y - a +2 pair of gloves of stealth (worn)
 Z - the +3 pair of mountain boots (worn) {steadfast, rC+}
   (You bought it in a shop on level 1 of the Lair of Beasts)

   Steadfast: It prevents involuntary movement, except for blinking,
   teleportation, or banishment.
   rC:        It protects you from cold.
Jewellery
 m - a +6 ring of intelligence
 w - a ring of see invisible
 E - a +5 ring of evasion (right hand)
 M - a +4 ring of protection
 P - a ring of poison resistance (left hand)
 R - an amulet of regeneration (around neck)
Wands
 d - a wand of mindburst (2)
 i - a wand of charming (3)
 k - a wand of digging (18)
 U - a wand of polymorph (9)
Scrolls
 f - 2 scrolls of immolation
 t - 2 scrolls of vulnerability
 v - a scroll of butterflies
 y - 3 scrolls of teleportation
 C - 7 scrolls of fog
 J - 5 scrolls of identify
 S - 3 scrolls of amnesia
 T - 4 scrolls of noise
Potions
 c - 3 potions of heal wounds
 e - 7 potions of mutation
 g - 3 potions of brilliance
 h - 4 potions of might
 n - 4 potions of magic
 o - 4 potions of flight
 q - 5 potions of resistance
 s - 6 potions of invisibility
 u - 4 potions of cancellation
 x - 6 potions of curing
 A - 8 potions of lignification
 B - 3 potions of berserk rage
 I - 2 potions of ambrosia
 V - a potion of haste
Miscellaneous
 l - a lightning rod (3/4)


   Skills:
 - Level 15.0 Fighting
 - Level 2.0(12.2) Maces & Flails
 + Level 18.4(18.5) Staves
 - Level 13.9 Armour
 - Level 10.0 Dodging
 - Level 5.0 Stealth
 - Level 10.0 Evocations


You had 15 spell levels left.
You knew the following spells:

 Your Spells              Type           Power      Damage    Failure   Level
a - Apportation           Tloc           0%         N/A       63%         1

Your spell library contained the following spells:

 Spells                   Type           Power      Damage    Failure   Level
 Necrotise                Necr           0%         1d4       63%         1
 Shock                    Conj/Air       0%         1d3       63%         1
 Ensorcelled Hibernation  Hex/Ice        0%         N/A       77%         2
 Dazzling Flash           Conj/Hex       0%         N/A       94%         3
 Ignite Poison            Fire/Tmut/Pois 0%         N/A       94%         3
 Spider Form              Tmut/Pois      0%         N/A       94%         3
 Swiftness                Air            0%         N/A       94%         3
 Vampiric Draining        Necr           0%         2d6       94%         3
 Vhi's Electric Charge    Tloc/Air       0%         N/A       94%         3
 Volatile Blastmotes      Fire/Tloc      0%         2d10      94%         3
 Airstrike                Air            0%         2d(0-16)  100%        4
 Anguish                  Hex/Necr       0%         N/A       100%        4
 Cause Fear               Hex            0%         N/A       100%        4
 Iskenderun's Mystic Bla  Conj/Tloc      0%         2d3       100%        4
 Sticky Flame             Conj/Fire      0%         2d3       100%        4
 Agony                    Necr           0%         N/A       100%        5
 Alistair's Intoxication  Tmut/Pois      0%         N/A       100%        5
 Arcjolt                  Conj/Air       0%         1d10      100%        5
 Blade Hands              Tmut           0%         N/A       100%        5
 Irradiate                Conj/Tmut      0%         3d11      100%        5
 Starburst                Conj/Fire      0%         6d3       100%        6
 Dragon Form              Tmut           0%         N/A       100%        7
 Enfeeble                 Hex            0%         N/A       100%        7
 Ignition                 Fire           0%         3d3       100%        8
 Maxwell's Capacitive Co  Air            0%         ∞         100%        8


Dungeon Overview and Level Annotations

Branches:
Dungeon (11/15)            Temple (1/1) D:5            Lair (5/5) D:8
 Shoals (0/4) Lair:2        Snake (4/4) Lair:2        Slime (0/5) Lair:4
    Orc (2/2) D:11            Elf (0/3) Orc:2         Sewer (visited)
 Bailey (visited)

Altars:
Ashenzari
Cheibriados
Dithmenos
Elyvilon
Fedhas
Gozag
Hepliaklqana
Kikubaaqudgha
Makhleb
Nemelex Xobeh
Okawaru
Qazlal
Ru
Sif Muna
Trog
Uskayaw
Vehumet
Wu Jian
Xom
Yredelemnul
Zin
The Shining One
Jiyva

Shops:
D:2 *!(*   D:4 *   D:10 (   D:11 :   Orc:2 !*:[   Lair:1 [([[[   Snake:2 !
Snake:3 [

Portals:
Pandemonium: Orc:2


Innate Abilities, Weirdness & Mutations

You have large cloven feet.
Your system is resistant to poisons. (rPois)


Message History

You escape the naga warrior's grasp.
The naga hits you with a +0 trident! The naga grabs you.
The naga constricts you.
You see here 20 gold pieces.
The naga's grasp on you weakens, but your attempt to escape fails.
The naga warrior spits poison at you.
The splash of poison hits you but does no damage.
You are poisoned.
You resist. The naga barely misses you. The naga constricts you.
You escape the naga's grasp.
You feel sick. The naga barely misses you.
You feel sick.
You feel sick.
You feel sick.
You slash the naga warrior!
The naga warrior is lightly wounded.
You feel sick.
The naga warrior hits you with a +0 scimitar.
The naga warrior grabs you. The naga warrior constricts you.
The naga hits you from afar with a +0 trident!
* * * LOW HITPOINT WARNING * * *
You closely miss the naga warrior.
The naga warrior is lightly wounded.
The naga warrior blocks your attack.
The naga warrior is lightly wounded.
You feel sick.
The naga warrior hits you with a +0 scimitar!
* * * LOW HITPOINT WARNING * * *
The naga warrior constricts you.
* * * LOW HITPOINT WARNING * * *
The naga warrior blocks your attack.
The naga warrior is lightly wounded.
The naga hits you from afar with a +0 trident!
* * * LOW HITPOINT WARNING * * *
You slash the naga warrior!
The naga warrior is moderately wounded.
You feel sick.
You are no longer poisoned.
The naga no longer looks unusually strong.
The naga warrior hits you with a +0 scimitar!
You die...
Your body crumbles into a pile of gold.

.##..)).).#≈#≈#§..§§##..........#
.###...)).....§§.§≈###..#....#...
..###≈#≈#≈#≈#≈#≈#≈###......###...
...##################.#....# #...
..).###############...#....###...
.................>.[.............
................N######..........
####.########..#N# #......#...###
.......#######.#@# #....#.#.###
####.........#...###....#.#.#
#............##...###..##.#.#
#............####.....###.^.# ###
......#...#.................# #..
#......#.####>....^.....#...###..
######.#.# #.....##..........#..
#.#.## #.....####...........
#....#######...............|


You could see a naga warrior (strong) and a naga.

Vanquished Creatures
  Vashnia (Snake:3)
  A profane servitor (Abyss:1)
  A tentacled starspawn (Abyss:1)
  Kirke (Lair:4)
  Donald (Snake:3)
  A nagaraja (Snake:2)
  2 very ugly things (Abyss:1)
  Azrael (Orc:2)
  A fire dragon (Lair:5)
  An ettin (Orc:2)
  4 salamander tyrants (Snake:3)
  5 hydras
  A fenstrider witch zombie (Abyss:1)
  Erolcha (D:9)
  4 anacondas
  3 demonspawn (Orc:2)
  A catoblepas (Lair:5)
  2 boulder beetles
  3 two-headed ogres
  11 naga warriors
  8 naga sharpshooters
  7 orc high priests (Orc:2)
  3 thrashing horrors (Abyss:1)
  5 shock serpents
  A fire crab (Lair:5)
  2 skysharks (Lair:5)
  A sixfirhy (Abyss:1)
  4 salamander mystics (Snake:3)
  A swamp dragon (Lair:5)
  4 naga ritualists
  2 starcursed masses (Abyss:1)
  7 mana vipers
  Pikel (D:5)
  An ugly thing (D:11)
  6 orc sorcerers
  6 orc knights
  A cyclops (D:11)
  An oklob plant (Lair:5)
  A worldbinder (Abyss:1)
  Maurice (D:9)
  16 salamanders
  15 elephants
  5 guardian serpents
  2 rust devils
  A torpor snail (Lair:5)
  7 naga magi
  32 black mambas
  11 cane toads
  An orange demon (Orc:2)
  A hellion (Abyss:1)
  5 rime drakes
  2 ice devils (Orc:2)
  12 komodo dragons
  2 hellwings
  11 polar bears
  3 trolls
  The ghost of Rye the Cutter, an amateur HuFi (D:3)
  A hornet (Abyss:1)
  5 raiju (Lair:5)
  12 blink frogs
  6 dream sheep (Lair:5)
  Grinder (D:5)
  A large abomination (Abyss:1)
  Sigmund (D:2)
  A shadow (D:11)
  7 wyverns
  2 ynoxinuls (Abyss:1)
  3 hogs
  A wraith (D:9)
  3 basilisks
  2 chaos spawn (Abyss:1)
  3 steam dragons
  A golden eye (Lair:5)
  36 yaks
  2 fire elementals (Orc:2)
  2 neqoxecs (Abyss:1)
  Menkaure (D:7)
  Edmund (D:6)
  4 wargs (Lair:5)
  39 nagas
  4 acid dragons
  16 hell hounds
  21 water moccasins
  2 swamp drakes
  Pargi (Sewer)
  36 orc warriors
  17 black bears
  25 wolves
  The ghost of PostNTower the Ruffian, an amateur DrTm (D:4)
  7 ogres
  4 centaurs
  A lemure (D:5)
  2 phantoms
  3 kobold brigands
  19 bullfrogs
  2 gnoll sergeants
  2 small abominations (Abyss:1)
  5 wights (D:7)
  5 killer bees
  An electric eel (Lair:2)
  2 howler monkeys
  A hound (D:5)
  28 orc priests
  3 jellies
  15 iguanas
  19 orc wizards
  A sleepcap (D:5)
  Natasha (thrice) (D:2)
  8 gnolls
  9 adders
  A shadow imp (D:7)
  4 white imps
  2 ufetubi (D:4)
  4 worms (D:6)
  3 dart slugs
  95 orcs
  6 ball pythons
  7 endoplasms
  5 giant cockroaches
  5 goblins
  6 hobgoblins
  17 jackals
  17 kobolds
  A quokka (D:1)
  3 training dummies (D:10)
  5 bats
  19 frilled lizards
  8 rats
  A butterfly (Lair:3)
843 creatures vanquished.

Vanquished Creatures (collateral kills)
  3 orc knights
  A yak (D:9)
  A basilisk (D:9)
  A warg (Orc:2)
  An orc warrior (Bailey)
  A killer bee (D:7)
  An orc (D:9)
  A giant cockroach (D:1)
  2 kobolds
12 creatures vanquished.

Vanquished Creatures (others)
  A human (Lair:4)
  An orc warrior (Orc:2)
  A scorpion (D:4)
  A hound (D:4)
  An iguana (Lair:1)
  An orc (D:8)
  A jackal (D:1)
  A rat (D:2)
  7 bushes (Lair:5)
  35 fungi
  147 plants
  2 starspawn tentacles (Abyss:1)
  2 withered plants (D:1)
201 creatures vanquished.

Grand Total: 1056 creatures vanquished

Notes
Turn   | Place    | Note
-------+----------+-------------------------------------------
     0 | D:1      | Armakuni the Human Artificer began the quest for the Orb.
     0 | D:1      | Reached XP level 1. HP: 15/15 MP: 1/1
   150 | D:1      | Found a faded altar of an unknown god.
   204 | D:1      | Reached skill level 1 in Maces & Flails
   204 | D:1      | Reached XP level 2. HP: 20/21 MP: 2/2
   485 | D:1      | Reached XP level 3. HP: 24/27 MP: 3/3
   961 | D:2      | Reached XP level 4. HP: 33/34 MP: 4/4
  1020 | D:2      | Found Meiptint's Assorted Antiques.
  1023 | D:2      | Bought a scroll labelled DITZEA WOGOTER for 25 gold pieces
  1023 | D:2      | Bought a murky yellow potion for 22 gold pieces
  1023 | D:2      | Identified 2 scrolls of acquirement
  1023 | D:2      | Acquired 959 gold pieces
  1025 | D:2      | Bought a glowing lajatang for 450 gold pieces
  1040 | D:2      | Acquired 882 gold pieces
  1051 | D:2      | Noticed Natasha
  1074 | D:2      | HP: 1/34 [cerulean imp/+1 spear[Natasha] (3)]
  1078 | D:2      | Killed Natasha
  1079 | D:2      | Reached skill level 1 in Staves
  1213 | D:2      | Bought a wand of flame (16) for 280 gold pieces
  1252 | D:2      | Found Katuhok's Distillery.
  1267 | D:2      | Bought a potion of curing for 39 gold pieces
  1267 | D:2      | Bought a potion of might for 52 gold pieces
  1267 | D:2      | Bought a potion of flight for 39 gold pieces
  1267 | D:2      | Bought a potion of brilliance for 52 gold pieces
  1267 | D:2      | Bought a potion of cancellation for 104 gold pieces
  1267 | D:2      | Bought a potion of might for 52 gold pieces
  1407 | D:2      | Found Acifig's General Store.
  1415 | D:2      | Bought a scroll of teleportation for 42 gold pieces
  1415 | D:2      | Bought a scroll of identify for 28 gold pieces
  1415 | D:2      | Bought a scroll of identify for 28 gold pieces
  1439 | D:2      | Reached XP level 5. HP: 39/41 MP: 5/5
  1476 | D:2      | Found Histit's Antique Weapon Shop.
  1487 | D:2      | Noticed Sigmund
  1501 | D:2      | Killed Sigmund
  1502 | D:2      | Reached skill level 4 in Staves
  1502 | D:2      | Reached XP level 6. HP: 33/47 MP: 6/6
  1569 | D:2      | Noticed Natasha
  1579 | D:2      | Killed Natasha
  1726 | D:2      | Noticed Natasha
  1737 | D:2      | Killed Natasha
  1930 | D:3      | Reached skill level 5 in Staves
  2250 | D:3      | Found a runed translucent gate.
  2250 | D:3      | Noticed Rye's ghost (amateur HuFi)
  2251 | D:3      | Found a runed translucent gate.
  2252 | D:3      | Found a runed translucent gate.
  2253 | D:3      | Identified the +1 leather armour "Tibritilog" {Str+3}
  2523 | D:4      | Identified the +0 leather armour of the Earth {Str+3 Int+5}
  2534 | D:4      | Reached XP level 7. HP: 45/52 MP: 7/7
  2712 | D:4      | Found a runed translucent door.
  2722 | D:4      | Noticed PostNTower's ghost (amateur DrTm)
  2854 | D:4      | Reached skill level 6 in Staves
  2880 | D:4      | Found Tazokul's Overcharged Wands.
  2931 | D:4      | Found a burning altar of Makhleb.
  2931 | D:4      | Noticed a cacodemon
  3198 | D:4      | Reached skill level 7 in Staves
  3199 | D:4      | Killed PostNTower's ghost
  3200 | D:4      | Reached XP level 8. HP: 58/58 MP: 8/8
  3300 | D:3      | Killed Rye's ghost
  3301 | D:3      | Reached skill level 8 in Staves
  3405 | D:5      | Entered Level 5 of the Dungeon
  3452 | D:5      | Found a sacrificial altar of Ru.
  3480 | D:5      | Noticed Pikel
  3491 | D:5      | Killed Pikel
  3492 | D:5      | Reached skill level 5 in Fighting
  3492 | D:5      | Reached XP level 9. HP: 68/68 MP: 9/9
  3601 | D:5      | Found a bloodstained altar of Trog.
  3608 | D:5      | Reached skill level 9 in Staves
  3664 | D:5      | Noticed Grinder
  3674 | D:5      | Killed Grinder
  3727 | D:5      | Reached skill level 10 in Staves
  3735 | D:5      | Found a glowing silver altar of Zin.
  3833 | D:5      | Found a glowing golden altar of the Shining One.
  3932 | D:5      | Found a staircase to the Ecumenical Temple.
  3941 | Temple   | Entered the Ecumenical Temple
  3946 | Temple   | Became a worshipper of Gozag Ym Sagoz the Greedy
  4727 | D:6      | Found a glowing drain.
  4735 | Sewer    | Entered a sewer
  4781 | Sewer    | Noticed Pargi
  4786 | Sewer    | Killed Pargi
  5023 | D:6      | Identified the ring "Igrynuch" {Fire Dex+5}
  5072 | D:6      | Noticed Edmund
  5076 | D:6      | Reached skill level 11 in Staves
  5080 | D:6      | Killed Edmund
  5147 | D:4      | Bought a wand of digging (11) for 693 gold pieces
  5204 | D:6      | Found a snail-covered altar of Cheibriados.
  5285 | D:6      | Reached XP level 10. HP: 70/74 MP: 10/10
  5420 | D:6      | Found an ancient bone altar of Kikubaaqudgha.
  5617 | D:7      | Noticed Menkaure
  5698 | D:6      | Reached skill level 5 in Evocations
  5746 | D:7      | Killed Menkaure
  6192 | D:7      | Found a flagged portal.
  6203 | D:7      | Reached skill level 12 in Staves
  6217 | Bailey   | Entered a bailey
  6395 | Bailey   | Noticed an orc knight
  6445 | Bailey   | Noticed an orc knight
  6445 | Bailey   | Noticed an orc knight
  6461 | Bailey   | Killed an orc knight
  6476 | Bailey   | Killed an orc knight
  6477 | Bailey   | Reached skill level 13 in Staves
  6490 | Bailey   | Killed an orc knight
  6910 | D:7      | Reached XP level 11. HP: 79/79 MP: 11/11
  7554 | D:8      | Found a staircase to the Lair.
  7676 | D:8      | Found a shimmering altar of Xom.
  7726 | D:8      | Noticed a +0 spear
  7727 | D:8      | Noticed a +0 short sword
  7727 | D:8      | Noticed a +0 falchion
  7727 | D:8      | Noticed a +0 dagger
  7727 | D:8      | Noticed a +0 dagger
  7727 | D:8      | Noticed a +0 spear
  7729 | D:8      | Noticed a +0 short sword
  7729 | D:8      | Noticed a +0 falchion
  7731 | D:8      | Found a hide-covered altar of Uskayaw.
  8042 | D:9      | Noticed Erolcha
  8128 | D:4      | Bought a wand of mindburst (30) for 630 gold pieces
  8335 | D:9      | Noticed Maurice
  8336 | D:9      | Killed Erolcha
  8341 | D:9      | Killed Maurice
  8342 | D:9      | Noticed a two-headed ogre
  8345 | D:9      | Killed a two-headed ogre
  8807 | D:10     | Entered Level 10 of the Dungeon
  9010 | D:10     | Reached skill level 10 in Evocations
  9292 | D:10     | Found a stormy altar of Qazlal.
  9409 | D:10     | Found an ornate altar of the Wu Jian Council.
  9510 | D:10     | Found an iron altar of Okawaru.
  9594 | D:10     | Found Winkezire's Firing Range.
  9607 | D:10     | Bought a throwing net for 30 gold pieces
  9794 | D:10     | Reached XP level 12. HP: 72/88 MP: 9/12
 10053 | D:11     | Identified the +6 buckler of Resourcefulness {Str-4 Dex+6}
 10110 | D:11     | Found a staircase to the Orcish Mines.
 10720 | D:11     | Found Kenic's Book Shoppe.
 10731 | D:11     | Learned a level 1 spell: Apportation
 10905 | Orc:1    | Entered Level 1 of the Orcish Mines
 11165 | Orc:1    | Noticed a two-headed ogre
 11172 | Orc:1    | Killed a two-headed ogre
 11192 | Orc:1    | Reached skill level 5 in Dodging
 11480 | Orc:2    | Entered Level 2 of the Orcish Mines
 11674 | Orc:2    | Noticed a two-headed ogre
 11685 | Orc:2    | Killed a two-headed ogre
 11997 | Orc:2    | Reached skill level 10 in Fighting
 12007 | Orc:2    | Found Soengoxe's Distillery.
 12012 | Orc:2    | Found Nulucul's General Store.
 12450 | Orc:2    | Reached XP level 13. HP: 70/103 MP: 8/13
 12600 | Orc:2    | Bought a potion of heal wounds for 65 gold pieces
 12600 | Orc:2    | Bought a potion of heal wounds for 65 gold pieces
 12602 | Orc:2    | Bought a potion of heal wounds for 75 gold pieces
 12602 | Orc:2    | Bought a scroll of teleportation for 45 gold pieces
 12602 | Orc:2    | Bought a scroll of fog for 60 gold pieces
 12682 | Orc:2    | Found a staircase to the Elven Halls.
 12706 | Orc:2    | Noticed Azrael
 12714 | Orc:2    | Noticed an ettin
 12754 | Orc:2    | Killed an ettin
 12755 | Orc:2    | Reached skill level 5 in Armour
 12982 | Orc:2    | Killed Azrael
 13481 | Orc:2    | Noticed a demonspawn
 13496 | Orc:2    | Killed a demonspawn
 13575 | Orc:2    | Noticed a demonspawn
 13578 | Orc:2    | Noticed a demonspawn
 13584 | Orc:2    | Killed a demonspawn
 13587 | Orc:2    | Killed a demonspawn
 13683 | Orc:2    | Found Ceil Jups's Book Emporium.
 13683 | Orc:2    | Found Biybor's Antique Armour Shoppe.
 13684 | Orc:2    | Found a one-way gate leading to the halls of Pandemonium.
 13716 | Orc:2    | Bought a shiny ring mail for 203 gold pieces
 13763 | Orc:2    | Reached XP level 14. HP: 120/120 MP: 14/14
 14132 | Orc:2    | Bought a lightning rod (4/4) for 450 gold pieces
 14252 | Lair:1   | Entered Level 1 of the Lair of Beasts
 14255 | Lair:1   | Bought a masterwork ring mail for 216 gold pieces
 14255 | Lair:1   | Identified the +0 ring mail of Ganuduorch {rF+++ Str-3
                  | Int+8 Dex-3} (You bought it in a shop on level 1 of the
                  | Lair of Beasts)
 14255 | Lair:1   | Bought a jewelled orb for 336 gold pieces
 14255 | Lair:1   | Identified the orb "Dipsom" {*channel, Fly Str+5} (You
                  | bought it in a shop on level 1 of the Lair of Beasts)
 14255 | Lair:1   | Bought an embroidered cloak for 180 gold pieces
 14255 | Lair:1   | Bought a pair of runed gloves for 180 gold pieces
 14669 | Lair:1   | Noticed Sonja
 14670 | Lair:1   | Sonja changed into Sonja the hog
 14670 | Lair:1   | Noticed Sonja
 14676 | Lair:1   | Killed Sonja the hog
 15587 | Lair:2   | Acquired 640 gold pieces
 15911 | Lair:2   | Found a staircase to the Snake Pit.
 16491 | Lair:2   | Found a staircase to the Shoals.
 17493 | Lair:3   | Reached skill level 5 in Stealth
 17634 | Lair:4   | Noticed Kirke
 17867 | Lair:4   | Found a staircase to the Slime Pits.
 17867 | Lair:4   | Found a viscous altar of Jiyva.
 18000 | Lair:4   | Killed Kirke
 18001 | Lair:4   | Reached XP level 15. HP: 126/126 MP: 15/15
 18536 | Lair:5   | Entered Level 5 of the Lair of Beasts
 19171 | Lair:5   | Reached skill level 10 in Armour
 19171 | Lair:5   | Reached skill level 10 in Dodging
 19940 | Lair:5   | Reached skill level 15 in Fighting
 21497 | Lair:5   | Reached XP level 16. HP: 124/136 MP: 16/16
 21698 | Lair:1   | Bought the +3 pair of mountain boots {steadfast, rC+} for
                  | 368 gold pieces
 21698 | Lair:1   | Found the +3 pair of mountain boots {steadfast, rC+}
 21715 | Lair:1   | Upgraded the game from 0.30-a0-1163-gf69bf04e7a to
                  | 0.31-a0-1-g4198be8af4
 21722 | Lair:1   | Bought a +2 scale mail of willpower for 294 gold pieces
 21809 | Snake:1  | Entered Level 1 of the Snake Pit
 22648 | Abyss:1  | Cast into level 1 of the Abyss (naga)
 22696 | Abyss:1  | Noticed a tentacled starspawn
 22705 | Abyss:1  | Killed a tentacled starspawn
 22948 | Abyss:1  | Gained mutation: You occasionally shout uncontrollably at
                  | your foes. [a neqoxec]
 22954 | Abyss:1  | Gained mutation: You have hidden genetic potential. [a
                  | neqoxec]
 22955 | Abyss:1  | Gained mutation: Your muscles are strong. (Str +4, Int/Dex
                  | -1) [a neqoxec]
 23029 | Abyss:1  | Reached skill level 14 in Staves
 23179 | Abyss:1  | Gained mutation: Armour fits poorly on your strangely
                  | shaped body. [a neqoxec]
 23299 | Abyss:1  | Noticed a profane servitor
 23349 | Abyss:1  | Killed a profane servitor
 23441 | Snake:1  | Escaped the Abyss
 23478 | Snake:1  | Lost mutation: Armour fits poorly on your strangely shaped
                  | body. [potion of mutation]
 23478 | Snake:1  | Lost mutation: You occasionally shout uncontrollably at
                  | your foes. [potion of mutation]
 23478 | Snake:1  | Lost mutation: Your muscles are strong. (Str +4, Int/Dex
                  | -1) [potion of mutation]
 23478 | Snake:1  | Gained mutation: You are clumsy. (Dex -2) [potion of
                  | mutation]
 23478 | Snake:1  | Gained mutation: You occasionally lose the ability to drink
                  | potions when taking damage. [potion of mutation]
 23587 | Snake:1  | Lost mutation: You have hidden genetic potential. [potion
                  | of mutation]
 23587 | Snake:1  | Lost mutation: You occasionally lose the ability to drink
                  | potions when taking damage. [potion of mutation]
 23587 | Snake:1  | Lost mutation: You are clumsy. (Dex -2) [potion of
                  | mutation]
 23587 | Snake:1  | Gained mutation: You have large cloven feet. [potion of
                  | mutation]
 23587 | Snake:1  | Gained mutation: Your system is resistant to poisons.
                  | (rPois) [potion of mutation]
 24181 | Snake:2  | Reached skill level 15 in Staves
 24201 | Snake:2  | Noticed a nagaraja
 24225 | Snake:2  | Killed a nagaraja
 24395 | Snake:2  | Found Zaell's Distillery.
 24739 | Snake:2  | Reached XP level 17. HP: 125/142 MP: 17/17
 24951 | Snake:2  | Reached skill level 16 in Staves
 25357 | Snake:3  | Found Bulat's Dragon-Slaying Spoils.
 25509 | Snake:3  | Bought the +6 fire dragon scales "Jannulih" {rF++ rC-
                  | Will++ Regen+ MP+9 Dex-5} for 1133 gold pieces
 25742 | Snake:3  | Reached skill level 17 in Staves
 25966 | Snake:3  | Noticed Donald
 25979 | Snake:3  | Killed Donald
 26018 | Snake:3  | Noticed Vashnia
 26182 | Snake:3  | Killed Vashnia
 26463 | Snake:3  | Reached skill level 18 in Staves
 26625 | Snake:3  | Identified the staff of death "Ytyl" {*Corrode rF++ rN+
                  | Str+2 SInv}
 26872 | Snake:4  | Entered Level 4 of the Snake Pit
 26903 | Snake:3  | Slain by a naga warrior

Illustrated notes

Levels and vault maps discovered:
D:1:      dpeg_arrival_water_temple_mockup, layout_loops_ring,
          ebering_ecumenical_altar_petrified, minivault_25
D:2:      layout_rooms, serial_shops, shop, nicolae_shop_rolling_square,
          nicolae_shop_behind_doors, shop, uniq_sigmund, uniq_natasha
D:3:      layout_basic, biasface_ghost_orc_armoury
D:4:      layout_cave_pools, makhleb_altar_promises_db, ebering_ghost_sewer_d,
          nicolae_shop_overcharged_wands
D:5:      layout_loops_ring, mainiacjoe_overflow_surrounded_room,
          lemuel_round_altar, mainiacjoe_overflow_concentric_impassable,
          kennysheep_little_box, minmay_temple_entry_glassed_door, uniq_pikel,
          uniq_grinder, uniq_crazy_yiuf_cottage
D:6:      layout_loops_cross, kiku_gazebo_pond_becter,
          lemuel_coloured_pillars_altar, lightli_sewer_entry_pipes, uniq_edmund
D:7:      layout_basic, enter_bailey_6, sigmund_army, uniq_menkaure
D:8:      layout_basic, mainiacjoe_overflow_alcove_1, nicolae_uskayaw_en_pointe,
          lair_entry_dummy
D:9:      layout_cave_pools, uniq_maurice, uniq_erolcha
D:10:     layout_basic, lemuel_doored_altar,
          mainiacjoe_overflow_six_doors_small, mainiacjoe_overflow_alcove_4,
          minmay_misc_feat_room, nicolae_shop_firing_range
D:11:     layout_layer_cave, david_orc_3, serial_shops, shop
Temple:   hellmonk_temple_micro_hex
Lair:1:   lemuel_reptile_caves, layout_gridlike, beast_lair_carwin_7, uniq_sonja
Lair:2:   layout_hall_layers, shoals_dummy_entry,
          minmay_snake_entry_six_corridors, nicolae_quartered_pool_medium,
          grunt_megastairs_1, serial_bayou_shore_a
Lair:3:   layout_cave_pods, lemuel_fruit_fields, serial_bayou_shore_b
Lair:4:   layout_small_grid, slime_entry_1, grunt_megastairs_5,
          infiniplex_staircase_pool_2, uniq_kirke
Lair:5:   hangedman_lair_caniforms_friends, layout_cave_pods,
          guppyfry_lair_end_dragon, serial_forest, infiniplex_forest_clump_long,
          infiniplex_forest_clump_curved, infiniplex_forest_straight_3,
          infiniplex_forest_straight_1, infiniplex_forest_straight_3,
          infiniplex_forest_clump_C
Snake:1:  layout_chambers, st_stairs_11
Snake:2:  layout_rooms, serial_shops, nicolae_take_the_stairs,
          nicolae_snake_gridmaze_squiggle
Snake:3:  cheibrodos_snake_lava_hold, layout_misc_corridors,
          nicolae_shop_dragon_depot, nicolae_snake_gridmaze_tees, uniq_vashnia,
          uniq_donald
Snake:4:  grunt_snake_rune_serpentine_throne, layout_chambers,
          grunt_megastairs_4
Orc:1:    layout_caves, basic_altar
Orc:2:    pf_orc_diabolical, layout_diamond_mine, uniq_urug, uniq_azrael

Skill      XL: |  1  2  3  4  5  6  7  8  9 10 11 12 13 14 15 16 17 |
---------------+----------------------------------------------------+-----
Maces & Flails | 1 2 |  2.0
Fighting       | 2 3 5 6 10 14 15 | 15.0
Staves         | 1 4 5 7 8 11 13 15 18 | 18.4
Evocations     | 4 6 10 | 10.0
Dodging        | 5 8 10 | 10.0
Armour         | 4 5 8 11 13 | 13.9
Stealth        | 5 |  5.0

Action                     |  1- 3 |  4- 6 |  7- 9 | 10-12 | 13-15 | 16-18 || total
---------------------------+-------+-------+-------+-------+-------+-------++-------
  Melee: Club              |    75 |       |       |       |       |       ||    75
         Whip              |    95 |     3 |       |       |       |       ||    98
         Punch             |     1 |       |       |       |       |       ||     1
         Lajatang          |       |    81 |   218 |   621 |  1219 |   926 ||  3065
         Scimitar          |       |       |       |       |    19 |       ||    19
  Throw: Dart              |       |       |       |     2 |     4 |     4 ||    10
         Throwing net      |       |       |       |     7 |     6 |     2 ||    15
 Invoke: Call Merchant     |       |       |       |       |     3 |     2 ||     5
  Evoke: Wand              |     5 |    15 |    22 |    47 |    50 |    31 ||   170
         Lightning rod     |       |       |       |       |    12 |     7 ||    19
    Use: Scroll            |       |    10 |     6 |     4 |    12 |    11 ||    43
         Potion            |       |     1 |       |       |     7 |     7 ||    15
   Stab: Sleeping          |     1 |     1 |     2 |     1 |     5 |     8 ||    18
         Invisible         |       |       |     4 |       |     2 |     3 ||     9
         Held in net/web   |       |       |       |     2 |     8 |       ||    10
         Distracted        |       |       |       |     1 |    10 |     3 ||    14
 Armour: Ring mail         |    86 |    59 |    66 |       |   246 |     3 ||   460
         Leather armour    |     4 |       |    17 |    80 |    23 |       ||   124
         Scale mail        |       |       |       |       |       |   177 ||   177
         Fire dragon scale |       |       |       |       |       |   133 ||   133
  Dodge: Dodged            |    99 |    51 |   140 |   353 |   807 |   509 ||  1959

Table legend: (Time is in decaauts)
 A = Elapsed time spent in this place.
 B = Non-inter-level travel time spent in this place.
 C = Inter-level travel time spent in this place.
 D = Time resting spent in this place.
 E = Time spent auto-exploring this place.
 F = Levels seen in this place.
 G = Mean time per level.
                   A        B        C        D        E       F      G
               +--------+--------+--------+--------+--------+-----+--------+
         Total |  25560 |  24161 |   1399 |   2898 |  14245 |  26 |  983.1 |
       Dungeon |  10140 |   9450 |    690 |    543 |   6469 |  11 |  921.8 |
        Temple |     10 |     10 |      0 |      0 |      0 |   1 |   10.0 |
          Lair |   7088 |   6626 |    462 |    621 |   3977 |   5 | 1417.6 |
     Snake Pit |   3918 |   3804 |    114 |    495 |   2256 |   4 |  979.5 |
  Orcish Mines |   3090 |   2958 |    132 |    979 |   1111 |   2 | 1545.0 |
         Abyss |    698 |    698 |      0 |    190 |    266 |   1 |  698.0 |
         Sewer |    159 |    159 |      0 |      0 |     91 |   1 |  159.0 |
        Bailey |    453 |    453 |      0 |     69 |     75 |   1 |  453.0 |
               +--------+--------+--------+--------+--------+-----+--------+

Top non-repeatable levels by time:
  Lair:5: 2859 daAuts
   Orc:2: 2247 daAuts
 Snake:3: 1593 daAuts
 Snake:1: 1358 daAuts
  Lair:1: 1318 daAuts
     D:7: 1306 daAuts
     D:6: 1159 daAuts
  Lair:3: 1132 daAuts
  Lair:2: 1075 daAuts
     D:1: 1063 daAuts
    D:11: 1044 daAuts
     D:5: 977 daAuts
 Snake:2: 955 daAuts
    D:10: 920 daAuts
     D:2: 868 daAuts
